 Dungeon Crawl Stone Soup version 0.29-a0-397-g846e4a0bbc (webtiles) character file.

Game seed: 3752211709208527218

214991 Agony the Peltast (level 18, -11/153 HPs)
             Began as a Minotaur Fighter on May 11, 2022.
             Was the Champion of Okawaru.
             Mangled by a jumping spider (12 damage)
             ... summoned by a broodmother
             ... on level 3 of the Spider Nest.
             The game lasted 02:00:01 (34878 turns).

Agony the Peltast (Minotaur Fighter)               Turns: 34878, Time: 02:00:02

Health: -11/153    AC: 33    Str: 28 (29) XL:     18   Next: 31%
Magic:  32/33      EV: 21    Int: 10 (11) God:    Okawaru [******]
Gold:   1973       SH: 23    Dex: 14      Spells: 17/17 levels left

rFire   . . .      SeeInvis +   F - +9 trident (vamp)
rCold   + + .      Faith    .   Y - +2 kite shield of Secicyb {Rampage rC+ Regen+ SInv}
rNeg    . . .      Spirit   .   p - quicksilver dragon scales "Ihitouru" {rC+ Will+ MP+9 Int+4}
rPois   +          Reflect  +   D - +1 hat of Igoasub {rPois Int+2 Dex+4}
rElec   .          Harm     .   S - +0 cloak
rCorr   .          Rampage  +   u - +2 pair of gloves
Will    ++...                   O - +2 pair of boots
Stlth   ++........              y - amulet of reflection
HPRegen 1.15/turn               r - +4 ring of protection
MPRegen 0.23/turn               w - ring of flight

@: mighty, brilliant, lethally poisoned (-11 -> -15), heroic, flying
A: horns 2, retaliatory headbutt, deterioration 1, frail 1
}: 1/15 runes: decaying
a: Renounce Religion, Heroism, Finesse, Duel


You were on level 3 of the Spider Nest.
You worshipped Okawaru.
Okawaru was exalted by your worship.
You visited 7 branches of the dungeon, and saw 33 of its levels.
You also visited: Ice Cave.

You collected 2983 gold pieces.
You spent 1010 gold pieces at shops.

Inventory:

Hand Weapons
 f - a +1 demon trident of venom
 F - a +9 vampiric trident (weapon)
 I - the +9 battleaxe of the Twenty Artisans {freeze, Fragile Str+4 Stlth+}
   (You found it on level 11 of the Dungeon)

   It freezes those it strikes, dealing additional cold damage.
   It can also slow down cold-blooded creatures.
   Str:       It affects your strength (+4).
   Fragile:   It will be destroyed if unequipped.
   Stlth:     It makes you more stealthy.
 K - a +0 battleaxe of freezing
 P - a +4 arbalest of freezing
 Q - a +1 demon whip of freezing
 U - a +2 spear of freezing
 V - a +5 glaive of flaming
Missiles
 H - 3 javelins
 N - 2 throwing nets
Armour
 p - the quicksilver dragon scales "Ihitouru" (worn) {rC+ Will+ MP+9 Int+4}
   (Okawaru gifted it to you on level 5 of the Lair of Beasts)

   Int:       It affects your intelligence (+4).
   rC:        It protects you from cold.
   MP:        It affects your magic capacity (+9).
   Will:      It increases your willpower.
 u - a +2 pair of gloves (worn)
 A - +0 ice dragon scales
 D - the +1 hat of Igoasub (worn) {rPois Int+2 Dex+4}
   (Okawaru gifted it to you on level 10 of the Dungeon)

   Int:       It affects your intelligence (+2).
   Dex:       It affects your dexterity (+4).
   rPois:     It protects you from poison.
 O - a +2 pair of boots (worn)
 S - a +0 cloak (worn)
 T - a +3 scale mail of positive energy
 Y - the +2 kite shield of Secicyb (worn) {Rampage rC+ Regen+ SInv}
   (Okawaru gifted it to you on level 1 of the Spider Nest)

   rC:        It protects you from cold.
   SInv:      It lets you see invisible.
   Regen:     It increases your rate of health regeneration.
   Rampage:   It bestows one free step when moving towards enemies.
Jewellery
 r - a +4 ring of protection (left hand)
 t - the amulet "Toetuikh" {Faith Dex+4}
   (You bought it in a shop on level 8 of the Dungeon)

   [amulet of faith]

   It allows you to gain divine favour quickly.
   Dex:       It affects your dexterity (+4).
 w - a ring of flight (right hand)
 y - an amulet of reflection (around neck)
 z - an amulet of regeneration
 W - an amulet of guardian spirit
Wands
 b - a wand of paralysis (12)
 e - a wand of iceblast (53)
 h - a wand of acid (13)
 i - a wand of flame (45) (quivered)
Scrolls
 k - 4 scrolls of enchant armour
 q - 2 scrolls of magic mapping
 v - 19 scrolls of identify
 E - 5 scrolls of blinking
 G - 8 scrolls of fear
 M - 3 scrolls of poison
 X - 3 scrolls of fog
Potions
 a - a potion of magic
 d - 4 potions of might
 l - 14 potions of curing
 n - 5 potions of attraction
 o - 4 potions of brilliance
 s - 5 potions of flight
 x - 6 potions of resistance
 B - 2 potions of berserk rage
 C - 3 potions of lignification
 J - 3 potions of cancellation
 L - 7 potions of mutation


   Skills:
 + Level 17.7(22.7) Fighting
 - Level 14.0(19.0) Polearms
 + Level 17.8(22.8) Armour
 + Level 16.1(21.1) Dodging
 + Level 17.8(22.8) Shields
 - Level 10.0 Invocations
 + Level 9.0 Evocations


You had 17 spell levels left.
You didn't know any spells.
Your spell library contained the following spells:

 Spells                   Type           Power      Damage    Failure   Level
 Apportation              Tloc           0%         N/A       50%         1
 Freeze                   Ice            0%         1d3       50%         1
 Magic Dart               Conj           0%         1d3       50%         1
 Blink                    Tloc           0%         N/A       63%         2
 Corpse Rot               Necr/Air       0%         N/A       63%         2
 Static Discharge         Conj/Air       0%         N/A       63%         2
 Sublimation of Blood     Necr           0%         N/A       63%         2
 Wereblood                Tmut           0%         N/A       63%         2
 Dazzling Flash           Conj/Hex       0%         N/A       86%         3
 Frozen Ramparts          Ice            0%         1d2       86%         3
 Gell's Gravitas          Tloc           0%         N/A       86%         3
 Mephitic Cloud           Conj/Pois/Air  0%         N/A       86%         3
 Ozocubu's Armour         Ice            0%         N/A       86%         3
 Teleport Other           Tloc           0%         N/A       86%         3
 Hailstorm                Conj/Ice       0%         3d3       99%         4
 Leda's Liquefaction      Hex/Erth       0%         N/A       99%         4
 Passage of Golubria      Tloc           0%         N/A       99%         4
 Agony                    Necr           0%         N/A       100%        5
 Blade Hands              Tmut           0%         N/A       100%        5
 Lee's Rapid Deconstruct  Erth           0%         3d5*      100%        5
 Lightning Bolt           Conj/Air       0%         1d11      100%        5
 Manifold Assault         Tloc           0%         N/A       100%        5
 Silence                  Hex/Air        0%         N/A       100%        5
 Yara's Violent Unravell  Hex/Tmut       0%         3d3       100%        5
 Dispersal                Tloc           0%         N/A       100%        6
 Eringya's Noxious Bog    Tmut/Pois      0%         N/A       100%        6
 Iron Shot                Conj/Erth      0%         9d1       100%        6
 Statue Form              Tmut/Erth      0%         N/A       100%        6
 Ozocubu's Refrigeration  Ice            0%         4d5       100%        7
 Storm Form               Tmut/Air       0%         N/A       100%        7
 Maxwell's Capacitive Co  Air            0%         ∞         100%        8
 Animate Skeleton         Necr           Unusable   N/A       N/A         1
 Summon Small Mammal      Summ           Unusable   N/A       N/A         1
 Call Imp                 Summ           Unusable   N/A       N/A         2
 Tukima's Dance           Hex            Unusable   N/A       N/A         3
 Animate Armour           Summ/Erth      Unusable   N/A       N/A         4
 Animate Dead             Necr           Unusable   N/A       N/A         4
 Summon Forest            Summ/Tloc      Unusable   N/A       N/A         5
 Summon Hydra             Summ           Unusable   N/A       N/A         7

Dungeon Overview and Level Annotations

Branches:
Dungeon (15/15)            Temple (1/1) D:4            Lair (6/6) D:8
  Swamp (4/4) Lair:2       Spider (4/4) Lair:4        Slime (0/5) Lair:5
    Orc (2/2) D:10            Elf (0/3) Orc:2        Vaults (0/5) D:13
 Depths (1/4) D:15          IceCv (visited)

Altars:
Ashenzari
Cheibriados
Dithmenos
Elyvilon
Fedhas
Gozag
Hepliaklqana
Kikubaaqudgha
Makhleb
Nemelex Xobeh
Okawaru
Qazlal
Ru
Sif Muna
Trog
Uskayaw
Vehumet
Wu Jian
Xom
Yredelemnul
Zin
The Shining One
Beogh
Jiyva

Shops:
D:5 *   D:8 *   Orc:2 ?*!   Depths:1 (

Portals:
Hell: Lair:6 Depths:1
Pandemonium: Depths:1
Ziggurat: Depths:1

Annotations:
D:4 1 runed translucent door, Crazy Yiuf
D:6 3 runed translucent doors, MrShunz's ghost, novice HOFi
Lair:2 2 transporters, exclusion: oklob plant, Shavain's ghost, journeyman DgGl


Innate Abilities, Weirdness & Mutations

You have a pair of horns on your head.
You reflexively headbutt those who attack you in melee.
Your body sometimes deteriorates upon taking damage.
You are frail. (-10% HP)


Message History

The redback bites you but does no damage.
The meliai completely misses you. The meliai misses you.
The redback bites you but does no damage.
You puncture the broodmother! You headbutt the broodmother!
The broodmother is moderately wounded.
You carefully extract the barbed spikes from your body.
You feel very sick.
The wolf spider hits you but does no damage.
You block the wolf spider's attack. The meliai completely misses you. x2
You block the tarantella's attack. You block the redback's attack.
The redback bites you but does no damage. x2
You puncture the broodmother! You headbutt the broodmother.
The broodmother is heavily wounded.
You feel sick.
The meliai mumbles some strange prayers to its god against you.
Something smites you!
* * * LOW HITPOINT WARNING * * *
The meliai mumbles some strange prayers to its god against you.
Something smites you!
* * * LOW HITPOINT WARNING * * *
The meliai invokes the aid of its god against you.
Something smites you!
* * * LOW HITPOINT WARNING * * *
You block the broodmother's attack. You block the wolf spider's attack. x2
A tarantella comes into view.
The redback bites you but does no damage. x2
The jumping spider completely misses you. x2
The tarantella hisses angrily.
You hear an angry hiss.
You hit the broodmother. You headbutt the broodmother!
The broodmother is heavily wounded.
You feel sick. The meliai hits you with a +0 war axe!
* * * LOW HITPOINT WARNING * * *
You block the meliai's attack. The redback barely misses you.
You furiously retaliate!
You headbutt the redback.
A tarantella comes into view.
The wolf spider misses you. You block the wolf spider's attack.
The broodmother barely misses you.
The redback bites you but does no damage.
The redback barely misses you. The jumping spider pounces on you!
You die...

...#... ....... ...^.#.
....#.. ....... .....s.
..#.... .....#. .
....s#.......
!.....#sysy.......
.........s....ssss......
..........s..sss@ss.....
..............Bssy§.....
...............sB.......
........................
.......#.....:..........
........................
....†...................
#(................#.#...
.....#........#......


You could see a broodmother, an emperor scorpion, a wolf spider (summoned), 2
orb spiders, a culicivora, 2 pharaoh ants, 3 jumping spiders, 5 tarantellas, 4
redbacks and 3 meliai.

Vanquished Creatures
  the Lernaean hydra (Swamp:4)
  Bai Suzhen (Swamp:4)
  Arachne (Spider:2)
  Gastronok (Lair:3)
  3 thorn hunters
  Roxanne (Spider:2)
  A tengu reaver (Depths:1)
  Donald (Spider:2)
  A fire giant (Depths:1)
  An emperor scorpion (Spider:2)
  A frost giant (IceCv)
  3 ghost moths
  A ghoul (Swamp:3)
  6 very ugly things (Depths:1)
  A broodmother (Spider:4)
  5 eleionomae
  2 stone giants (Depths:1)
  3 entropy weavers
  A spark wasp (Spider:4)
  6 bunyips
  The ghost of Zoraivy the Severer, a journeyman DDFi of Elyvilon (Lair:5)
  An ettin (Depths:1)
  31 hydras
  A rakshasa (Depths:1)
  An ice dragon (D:11)
  4 boulder beetles
  2 radroaches (Spider:2)
  2 catoblepae
  3 two-headed ogres
  A jorogumo (Spider:2)
  3 ghost crabs
  3 centaur warriors
  6 alligators
  2 deep troll shamans (Depths:1)
  2 tengu warriors
  12 death yaks
  A deep troll earth mage (Depths:1)
  4 hell knights (Depths:1)
  A shock serpent (shapeshifter) (D:15)
  A deep elf knight (D:13)
  Sonja (Lair:3)
  2 iron trolls (Depths:1)
  3 sixfirhies
  4 pharaoh ants
  2 spriggan druids
  3 goliath frogs
  4 steelbarb worms
  A death drake (Swamp:2)
  12 bog bodies
  11 swamp dragons
  3 orb spiders
  A wizard (Lair:6)
  3 deep trolls
  2 orc knights
  A deep elf zephyrmancer (D:13)
  2 necromancers
  7 cyclopes
  5 deep elf pyromancers
  12 wolf spiders
  26 ugly things
  2 will-o-the-wisps
  5 manticores
  9 orc sorcerers (Orc:2)
  6 elephants (Lair:4)
  A rust devil (Depths:1)
  A moth of wrath (Spider:3)
  2 smoke demons
  5 black mambas
  An ice statue (IceCv)
  11 cane toads
  5 torpor snails
  4 gargoyles
  2 kobold demonologists
  3 orange demons
  An unseen horror (D:12)
  5 demonic crawlers
  21 rime drakes
  3 efreet
  2 freezing wraiths
  9 komodo dragons
  3 yaktaurs (D:13)
  6 trolls
  2 tengu conjurers
  A red devil (Lair:6)
  5 ice devils
  8 polar bears
  6 meliai
  32 blink frogs
  9 slime creatures (D:14)
  8 tarantellas
  8 hornets
  14 dream sheep
  12 tyrant leeches
  A tarantella zombie (Spider:4)
  12 jumping spiders
  A culicivora (shapeshifter) (D:13)
  Sigmund (D:6)
  4 shadows
  11 culicivoras
  2 vampires
  7 spriggans
  4 water elementals (Depths:1)
  2 wraiths (D:13)
  A ynoxinul (Depths:1)
  50 yaks
  7 wyverns
  8 basilisks
  22 redbacks
  A chaos spawn (Depths:1)
  12 vampire mosquitoes
  2 neqoxecs (Depths:1)
  4 steam dragons
  9 wargs
  Menkaure (D:6)
  15 swamp worms
  Edmund (D:5)
  An acid dragon (D:11)
  11 swamp drakes
  12 water moccasins
  6 hell hounds
  18 orc warriors
  3 sky beasts (D:7)
  An ice beast (D:7)
  6 black bears
  A black bear (shapeshifter) (D:15)
  A meliai simulacrum (D:11)
  3 ogres
  A boggart (D:13)
  7 centaurs
  26 wolves
  3 phantoms
  9 kobold brigands
  3 necrophages
  15 bullfrogs
  4 scorpions
  9 wights
  7 killer bees
  6 howler monkeys
  2 electric eels
  A crimson imp (Orc:1)
  3 hounds
  3 jellies
  2 gnoll shamans
  13 orc priests
  An iron imp (Orc:1)
  2 iguanas
  Natasha (thrice) (D:2)
  44 orc wizards
  Robin (D:4)
  4 gnolls (D:7)
  6 adders
  2 shadow imps
  6 white imps
  An ufetubus (D:7)
  A worm (D:3)
  A dart slug (D:2)
  89 orcs
  6 ball pythons
  3 endoplasms
  4 giant cockroaches
  21 goblins
  8 hobgoblins
  3 jackals (D:4)
  3 quokkas (D:1)
  3 bats (D:3)
  2 frilled lizards
  28 kobolds
  5 rats
1042 creatures vanquished.

Vanquished Creatures (others)
  Nessos (D:12)
  A cyclops (D:12)
  2 bloated husks
  An orc wizard (Orc:1)
  A briar patch (Swamp:2)
  A butterfly (Lair:4)
  5 foxfires (Lair:2)
  24 fungi
  48 plants
84 creatures vanquished.

Grand Total: 1126 creatures vanquished

Notes
Turn   | Place    | Note
-------+----------+-------------------------------------------
     0 | D:1      | Agony the Minotaur Fighter began the quest for the Orb.
     0 | D:1      | Reached XP level 1. HP: 19/19 MP: 0/0
   152 | D:1      | Reached XP level 2. HP: 26/27 MP: 1/1
   934 | D:2      | Found a faded altar of an unknown god.
   946 | D:2      | Reached skill level 1 in Dodging
   946 | D:2      | Reached XP level 3. HP: 33/33 MP: 2/2
  1228 | D:2      | Noticed Natasha
  1235 | D:2      | Killed Natasha
  1236 | D:2      | Reached XP level 4. HP: 31/40 MP: 3/3
  1538 | D:2      | Noticed Natasha
  1543 | D:2      | Killed Natasha
  1653 | D:2      | Noticed Natasha
  1660 | D:2      | Killed Natasha
  1934 | D:3      | Found a glowing silver altar of Zin.
  1948 | D:3      | Reached XP level 5. HP: 47/47 MP: 4/4
  2925 | D:4      | Noticed Robin
  2936 | D:4      | Killed Robin
  3127 | D:4      | Noticed a phantom
  3134 | D:4      | Killed a phantom
  3135 | D:4      | Reached XP level 6. HP: 55/55 MP: 5/5
  3149 | D:4      | Reached skill level 5 in Fighting
  3149 | D:4      | Reached skill level 5 in Armour
  3149 | D:4      | Reached skill level 5 in Shields
  3207 | D:4      | Found a staircase to the Ecumenical Temple.
  3236 | Temple   | Entered the Ecumenical Temple
  3638 | Temple   | Became a worshipper of Warmaster Okawaru
  4418 | D:4      | Found a runed translucent door.
  4419 | D:4      | Noticed Crazy Yiuf
  4671 | D:5      | Entered Level 5 of the Dungeon
  4677 | D:5      | Reached XP level 7. HP: 61/61 MP: 6/6
  4715 | D:5      | Noticed Edmund
  4739 | D:5      | Killed Edmund
  4740 | D:5      | Reached skill level 1 in Invocations
  4906 | D:5      | Reached skill level 5 in Polearms
  4971 | D:5      | Reached * piety under Okawaru
  5425 | D:5      | Reached XP level 8. HP: 70/70 MP: 8/8
  5446 | D:5      | Found Jelol's General Store.
  5454 | D:5      | Bought a scroll of enchant armour for 105 gold pieces
  5863 | D:6      | Noticed Menkaure
  5872 | D:6      | Killed Menkaure
  5941 | D:6      | Noticed Sigmund
  5945 | D:6      | Found a runed translucent gate.
  5945 | D:6      | Found a runed translucent gate.
  5945 | D:6      | Found a runed translucent gate.
  5947 | D:6      | Found an opulent altar of Gozag.
  5949 | D:6      | Noticed MrShunz's ghost (novice HOFi)
  5962 | D:6      | Killed Sigmund
  6427 | D:6      | Reached ** piety under Okawaru
  7179 | D:7      | Reached skill level 5 in Dodging
  7258 | D:7      | Reached XP level 9. HP: 67/79 MP: 10/10
  7566 | D:7      | Noticed a four-headed hydra
  7580 | D:7      | Killed a four-headed hydra
  7580 | D:7      | Reached *** piety under Okawaru
  7599 | D:7      | Noticed a seven-headed hydra
  7606 | D:7      | Killed a seven-headed hydra
  7606 | D:7      | Reached **** piety under Okawaru
  7607 | D:7      | Reached XP level 10. HP: 77/88 MP: 9/12
  7628 | D:7      | Noticed a manticore
  7639 | D:7      | Killed a manticore
  7640 | D:7      | Reached skill level 5 in Invocations
  7817 | D:7      | Reached ***** piety under Okawaru
  7819 | D:7      | Identified a scroll of acquirement
  7819 | D:7      | Acquired 729 gold pieces
  7859 | D:7      | Found a flagged portal.
  8251 | D:8      | Received a gift from Okawaru
  8315 | D:8      | Found a staircase to the Lair.
  8402 | D:8      | Found Tiriescho's Assorted Antiques.
  8407 | D:8      | Bought a glittering golden amulet for 120 gold pieces
  8407 | D:8      | Identified the amulet "Toetuikh" {Faith Dex+4} (You bought
                  | it in a shop on level 8 of the Dungeon)
  8407 | D:8      | Bought a moonstone ring for 120 gold pieces
  9026 | D:9      | Reached XP level 11. HP: 55/97 MP: 14/14
  9370 | D:9      | Noticed a red ugly thing
  9378 | D:9      | Killed a red ugly thing
  9579 | D:9      | You are sucked into a shaft and drop 1 floor!
  9579 | D:10     | Entered Level 10 of the Dungeon
  9601 | D:10     | Found a staircase to the Orcish Mines.
  9749 | D:10     | Identified the +1 hat of Igoasub {rPois Int+2 Dex+4}
                  | (Okawaru gifted it to you on level 10 of the Dungeon)
  9749 | D:10     | Received a gift from Okawaru
 10580 | Orc:1    | Entered Level 1 of the Orcish Mines
 10673 | Orc:1    | Noticed an orc knight
 10693 | Orc:1    | Killed an orc knight
 10694 | Orc:1    | Reached skill level 10 in Fighting
 10694 | Orc:1    | Reached skill level 10 in Armour
 10694 | Orc:1    | Reached skill level 10 in Shields
 10941 | Orc:1    | Noticed a deep elf pyromancer
 10950 | Orc:1    | Killed a deep elf pyromancer
 10958 | Orc:1    | Noticed a deep elf pyromancer
 10968 | Orc:1    | Killed a deep elf pyromancer
 11126 | Orc:2    | Entered Level 2 of the Orcish Mines
 11126 | Orc:2    | Noticed an orc sorcerer
 11131 | Orc:2    | Killed an orc sorcerer
 11132 | Orc:2    | Reached skill level 10 in Polearms
 11141 | Orc:2    | Noticed a two-headed ogre
 11156 | Orc:2    | Killed a two-headed ogre
 11207 | Orc:2    | Noticed an orc sorcerer
 11214 | Orc:2    | Noticed a sun demon
 11217 | Orc:2    | Received a gift from Okawaru
 11218 | Orc:2    | Reached XP level 12. HP: 107/107 MP: 13/16
 11259 | Orc:2    | Reached ****** piety under Okawaru
 11354 | Orc:2    | Paralysed by an orc sorcerer for 2 turns
 11482 | Orc:2    | Identified the +0 cloak "Ciny" {Harm MP+9 Int-2 Stlth+}
                  | (Okawaru gifted it to you on level 2 of the Orcish Mines)
 11482 | Orc:2    | Received a gift from Okawaru
 11548 | Orc:2    | Found Cimuq's Magic Scroll Shoppe.
 11548 | Orc:2    | Found Ukixez's General Store.
 11645 | Orc:2    | Bought a scroll of enchant weapon for 105 gold pieces
 11690 | Orc:2    | Found Hadirouq's Distillery.
 11793 | Orc:2    | Found Fope's Book Boutique.
 11861 | Orc:2    | Found a staircase to the Elven Halls.
 12542 | Lair:1   | Entered Level 1 of the Lair of Beasts
 12635 | Lair:1   | Identified the +0 chain mail of Ru's Esteem {Regen+ Int-2
                  | Dex+6}
 13307 | Lair:2   | Reached skill level 10 in Dodging
 13371 | Lair:2   | Found a staircase to the Swamp.
 13375 | Lair:2   | Noticed a death yak
 13392 | Lair:2   | Received a gift from Okawaru
 13404 | Lair:2   | Killed a death yak
 13409 | Lair:2   | Reached XP level 13. HP: 102/116 MP: 18/18
 13526 | Lair:2   | Found a transporter.
 13531 | Lair:2   | Noticed Shavain's ghost (journeyman DgGl)
 13544 | Lair:2   | Found a transporter.
 14031 | Lair:3   | Noticed Sonja
 14065 | Lair:3   | Killed Sonja
 14444 | Lair:3   | Noticed Gastronok
 14471 | Lair:3   | Killed Gastronok
 14605 | Lair:3   | Received a gift from Okawaru
 15502 | Lair:4   | Found a hole to the Spider Nest.
 15937 | Lair:4   | Acquired a +0 demon trident of pain
 16038 | Lair:5   | Found a viscous altar of Jiyva.
 16039 | Lair:5   | Found a staircase to the Slime Pits.
 16105 | Lair:5   | Identified the quicksilver dragon scales "Ihitouru" {rC+
                  | Will+ MP+9 Int+4} (Okawaru gifted it to you on level 5 of
                  | the Lair of Beasts)
 16105 | Lair:5   | Received a gift from Okawaru
 16302 | Lair:5   | Found a runed translucent gate.
 16302 | Lair:5   | Found a runed translucent gate.
 16302 | Lair:5   | Found a runed translucent gate.
 16304 | Lair:5   | Noticed Zoraivy's ghost (journeyman DDFi)
 16410 | Lair:5   | Got the Guide on Hurtful Black Rituals
 16444 | Lair:5   | Reached XP level 14. HP: 127/127 MP: 20/20
 17072 | Lair:5   | Killed Zoraivy's ghost
 17109 | Lair:6   | Entered Level 6 of the Lair of Beasts
 17124 | Lair:6   | Reached skill level 10 in Invocations
 17776 | Lair:6   | Identified the +0 cloak "Jocailes" {+Inv Dex-3 Stlth+}
                  | (Okawaru gifted it to you on level 6 of the Lair of Beasts)
 17776 | Lair:6   | Received a gift from Okawaru
 17868 | Lair:6   | Found a burning altar of Makhleb.
 17991 | Lair:6   | Found a gateway to Hell.
 18696 | Orc:2    | Bought 2 scrolls of brand weapon for 560 gold pieces
 19117 | D:11     | Got the +9 battleaxe of the Twenty Artisans {freeze,
                  | Fragile Str+4 Stlth+}
 19602 | D:12     | Noticed Nessos
 19632 | D:12     | Killed Nessos
 19633 | D:12     | Reached XP level 15. HP: 102/137 MP: 21/21
 20073 | D:12     | Found a frozen archway.
 20093 | IceCv    | Entered an ice cave
 20145 | IceCv    | Reached skill level 1 in Evocations
 20271 | IceCv    | Received a gift from Okawaru
 20424 | IceCv    | Noticed a frost giant
 20449 | IceCv    | Killed a frost giant
 21437 | D:13     | Identified the +3 dagger "Xaowoej" {chaos, Fly rCorr Dex-4
                  | SInv}
 21557 | D:13     | Found a gate to the Vaults.
 22409 | D:13     | Identified the +0 pair of boots of Wigyll {Int+2}
 23701 | D:14     | Reached skill level 15 in Shields
 23732 | D:14     | Found a blossoming altar of Fedhas.
 23789 | D:14     | Identified the +0 pair of gloves of Watchfulness {Harm
                  | rPois Int+2} (Okawaru gifted it to you on level 14 of the
                  | Dungeon)
 23789 | D:14     | Received a gift from Okawaru
 23927 | D:14     | Reached skill level 15 in Armour
 23968 | D:14     | Reached skill level 15 in Fighting
 24463 | D:15     | Entered Level 15 of the Dungeon
 24571 | D:15     | Reached XP level 16. HP: 141/149 MP: 22/22
 25010 | D:15     | Found a staircase to the Depths.
 25542 | Depths:1 | Entered Level 1 of the Depths
 25592 | Depths:1 | Reached skill level 5 in Evocations
 25671 | Depths:1 | Noticed a tengu reaver
 25691 | Depths:1 | Killed a tengu reaver
 26053 | Depths:1 | Received a gift from Okawaru
 26351 | Depths:1 | Found a one-way gateway to a ziggurat.
 26643 | Depths:1 | Found Vysuu's Weapon Shoppe.
 27072 | Depths:1 | Found a one-way gate leading to the halls of Pandemonium.
 27581 | Swamp:1  | Entered Level 1 of the Swamp
 27804 | Swamp:1  | Identified the +9 long sword of Demand {flame, Int+4}
                  | (Okawaru gifted it to you on level 1 of the Swamp)
 27804 | Swamp:1  | Received a gift from Okawaru
 27974 | Swamp:1  | Noticed a thorn hunter
 27991 | Swamp:1  | Killed a thorn hunter
 29053 | Swamp:2  | Noticed a thorn hunter
 29081 | Swamp:2  | Killed a thorn hunter
 29214 | Swamp:2  | Reached XP level 17. HP: 156/158 MP: 23/23
 29613 | Swamp:3  | Received a gift from Okawaru
 30541 | Swamp:4  | Entered Level 4 of the Swamp
 30589 | Swamp:4  | Reached skill level 15 in Dodging
 30750 | Swamp:4  | Received a gift from Okawaru
 30765 | Swamp:4  | Noticed Bai Suzhen
 31157 | Swamp:4  | Killed Bai Suzhen
 31250 | Swamp:4  | Received a gift from Okawaru
 31643 | Swamp:4  | Noticed the 27-headed Lernaean hydra
 31653 | Swamp:4  | Killed the 27-headed Lernaean hydra
 31662 | Swamp:4  | Got a decaying rune of Zot
 32159 | Spider:1 | Entered Level 1 of the Spider Nest
 32410 | Spider:1 | Identified the +2 kite shield of Secicyb {Rampage rC+
                  | Regen+ SInv} (Okawaru gifted it to you on level 1 of the
                  | Spider Nest)
 32410 | Spider:1 | Received a gift from Okawaru
 32884 | Spider:1 | You are sucked into a shaft and drop 1 floor!
 32884 | Spider:2 | Noticed Roxanne
 33266 | Spider:2 | Noticed Donald
 33279 | Spider:2 | Killed Donald
 33301 | Spider:2 | Reached XP level 18. HP: 169/169 MP: 24/24
 33316 | Spider:2 | Gained mutation: You are frail. (-10% HP) [mutagenic glow]
 33342 | Spider:2 | Gained mutation: Your body sometimes deteriorates upon
                  | taking damage. [mutagenic glow]
 33393 | Spider:2 | Noticed Arachne
 33414 | Spider:2 | Killed Arachne
 33707 | Spider:2 | Killed Roxanne
 33937 | Spider:4 | Entered Level 4 of the Spider Nest
 34809 | Spider:4 | Received a gift from Okawaru
 34878 | Spider:3 | HP: 1/153 [meliai/+0 war axe (8)]
 34878 | Spider:3 | Mangled by a jumping spider

Illustrated notes

Levels and vault maps discovered:
D:1:      dpeg_arrival_long_road, layout_loops_cross
D:2:      layout_loops_ring, shapermc_ecumenical_altar_venn, uniq_natasha
D:3:      layout_basic, mainiacjoe_overflow_catwalk
D:4:      layout_layer_cave, minmay_temple_entry_ruins, uniq_robin,
          uniq_crazy_yiuf_cottage
D:5:      layout_loops_ring, serial_shops, nicolae_shop_crystal, uniq_edmund
D:6:      dreamdust_elfheim, layout_layer_cave, ebering_ghost_gozag,
          uniq_menkaure, uniq_sigmund
D:7:      minmay_slanted_spiral_squares, layout_rooms, enter_bailey_3
D:8:      cheibrodos_steamvent, layout_rooms, erik_lair_orcish_takeover,
          serial_shops, shop
D:9:      layout_basic, minmay_chambers_of_fives
D:10:     layout_big_octagon, david_orc_3, serial_co_window_serial,
          co_window_corner_a, co_window_cross_1, co_window_cross_1,
          co_window_cross_1, co_window_paths_b, co_window_paths_a,
          co_window_corner_a, co_window_cross_2, co_window_unsneaky_path_d,
          co_window_broadway_b, co_window_of_opportunity_b, glass_columns_a,
          glass_columns_b, glass_columns_b, glass_columns_a, glass_columns_a
D:11:     minmay_coctagon, layout_basic
D:12:     layout_roguey, portal_ice_cave_demonic_guard, uniq_nessos
D:13:     layout_irregular_city, hangedman_vaults_entry_quadrant_bands,
          chequers_hall_statues_wall_a
D:14:     layout_irregular_city, nicolae_figureground_sparkle, fedhas_altar_2
D:15:     hangedman_depths_entry_civil_slaughter, layout_irregular_city,
          hangedman_abyss_or_decor_stabs
Temple:   mainiacjoe_temple_trianglar_array
Lair:1:   layout_misc_corridors, serial_bayou_shore_b
Lair:2:   layout_regular_city, minmay_swamp_entry_wisps, nzn_ghost_randoct
Lair:3:   layout_gridlike, uniq_gastronok, uniq_sonja
Lair:4:   layout_gridlike, hellmonk_spider_entry_life_and_decay,
          enter_volcano_3, lemuel_fruit_fields
Lair:5:   layout_cave_shapes, slime_altar_1, serial_forest,
          infiniplex_forest_lined_3, infiniplex_forest_clump_small,
          infiniplex_forest_clump_large, infiniplex_forest_straight_2,
          infiniplex_forest_clump_diagonal, infiniplex_forest_zigzag_1,
          infiniplex_forest_end_2, infiniplex_forest_end_2,
          gammafunk_ghost_hydra_chop
Lair:6:   evil_forest, layout_regular_city, infiniplex_staircase_pool
Swamp:1:  layout_basic_swamp, nicolae_swamp_feature_on_the_river_bank,
          swamp_pool2, infiniplex_staircase_pool_2
Swamp:2:  layout_falls_marsh, evilmike_swamp_ruin_house_5, swamp_pool2,
          nicolae_swamp_bloodsuckers_inc
Swamp:3:  layout_basic_swamp, hangedman_swamp_ruin_wall, swamp_pool1
Swamp:4:  grunt_swamp_rune_castle, layout_basic_swamp, swamp_pool2,
          water_boxes_lemuel, uniq_bai_suzhen
Spider:1: layout_chambers
Spider:2: layout_spider_delve, uniq_arachne, uniq_roxanne, uniq_donald
Spider:3: layout_spider_delve, nicolae_spider_twisty_arc_passages
Spider:4: floodkiller_spider_rune_tomb, nicolae_spider_eight_legs
Orc:1:    layout_caves, ebering_ghost_inner_flame, serial_shops, shop,
          hangedman_minor_magic
Orc:2:    st_orc_town, layout_caves
Depths:1: layout_gridlike, enter_ziggurat_f, serial_shops, shop,
          grunt_pan_entry_in_and_out, hell_entry, grunt_decor_cap, st_stairs_8,
          chequers_hall_statues_wall_a, nicolae_water_bricks,
          lemuel_old_faithful, serial_bayou_shore_b, uniq_mara

Skill      XL: |  1  2  3  4  5  6  7  8  9 10 11 12 13 14 15 16 17 18 |
---------------+-------------------------------------------------------+-----
Shields        | 4 5 6 8 9 10 11 12 14 15 16 17 | 17.8
Fighting       | 4 5 6 7 8 9 10 11 12 13 15 16 17 | 17.7
Armour         | 4 5 6 8 9 10 11 12 14 15 16 17 | 17.8
Polearms       | 3 4 5 6 7 8 10 11 12 13 14 | 14.0
Dodging        | 1 2 3 4 5 6 7 8 10 11 12 13 14 15 16 | 16.1
Invocations    | 2 3 4 6 7 8 9 10 | 10.0
Evocations     | 4 6 8 9 |  9.0

Action                   |  1- 3 |  4- 6 |  7- 9 | 10-12 | 13-15 | 16-18 || total
-------------------------+-------+-------+-------+-------+-------+-------++-------
Melee: Trident           |    70 |   145 |   278 |  1201 |  1917 |  2033 ||  5644
       Headbutt          |    11 |    14 |    57 |   222 |   510 |   547 ||  1361
Invok: Heroism           |       |       |     4 |    12 |     7 |    13 ||    36
       Finesse           |       |       |       |       |     1 |     1 ||     2
Evoke: Wand              |       |       |       |       |       |     3 ||     3
  Use: Scroll            |     5 |     7 |     2 |    13 |    14 |    12 ||    53
       Potion            |       |     1 |     5 |     3 |     1 |    21 ||    31
 Stab: Distracted        |       |       |       |       |     1 |       ||     1
Armor: Scale mail        |    13 |    63 |   134 |    93 |       |       ||   303
       Plate armour      |       |       |       |   537 |   243 |       ||   780
       Quicksilver drago |       |       |       |       |   493 |   791 ||  1284
Dodge: Dodged            |    16 |    65 |   131 |   440 |   801 |  1041 ||  2494
Block: Buckler           |    16 |    43 |    85 |   337 |   744 |   862 ||  2087
       Reflection        |       |       |       |       |    41 |    18 ||    59
       Kite shield       |       |       |       |       |       |   584 ||   584

Table legend: (Time is in decaauts)
 A = Elapsed time spent in this place.
 B = Non-inter-level travel time spent in this place.
 C = Inter-level travel time spent in this place.
 D = Time resting spent in this place.
 E = Time spent auto-exploring this place.
 F = Levels seen in this place.
 G = Mean time per level.
                   A        B        C        D        E       F      G
               +--------+--------+--------+--------+--------+-----+--------+
         Total |  33267 |  30740 |   2527 |   4097 |  19270 |  34 |  978.4 |
       Dungeon |  16402 |  14890 |   1512 |   2006 |   9954 |  15 | 1093.5 |
        Temple |    427 |    403 |     24 |      0 |    397 |   1 |  427.0 |
          Lair |   5870 |   5289 |    581 |     54 |   3833 |   6 |  978.3 |
         Swamp |   4141 |   3966 |    175 |    294 |   2677 |   4 | 1035.2 |
   Spider Nest |   2495 |   2439 |     56 |    795 |    907 |   4 |  623.8 |
  Orcish Mines |   1831 |   1706 |    125 |    151 |    883 |   2 |  915.5 |
        Depths |   1443 |   1391 |     52 |    781 |    264 |   1 | 1443.0 |
      Ice Cave |    654 |    654 |      0 |     16 |    354 |   1 |  654.0 |
               +--------+--------+--------+--------+--------+-----+--------+

Top non-repeatable levels by time:
    D:13: 1928 daAuts
     D:4: 1568 daAuts
Depths:1: 1443 daAuts
     D:6: 1373 daAuts
 Swamp:4: 1369 daAuts
   Orc:2: 1302 daAuts
    D:15: 1241 daAuts
    D:14: 1237 daAuts
  Lair:6: 1196 daAuts
  Lair:5: 1132 daAuts
     D:5: 1107 daAuts
     D:7: 1012 daAuts
 Swamp:2: 996 daAuts
     D:9: 972 daAuts
  Lair:3: 952 daAuts
